 Dungeon Crawl Stone Soup version 0.32-a0-450-g080537f31e (webtiles) character file.

Game seed: 7546713385581610067

889 cforsyth the Slasher (level 8, -6/63 HPs)
             Began as a Coglin Gladiator on Feb 24, 2024.
             Was a Follower of Wu Jian.
             Mangled by a gnoll
             ... wielding a +0 flail
              (9 damage)
             ... on level 5 of the Dungeon.
             The game lasted 00:04:55 (4491 turns).

cforsyth the Slasher (Coglin Gladiator)             Turns: 4491, Time: 00:04:55

Health: -6/63      AC: 14    Str: 14    XL:     8   Next: 6%
Magic:  8/8        EV:  5    Int:  7    God:    Wu Jian [*.....]
Gold:   247        SH:  0    Dex: 19    Spells: 7/7 levels left

rFire   . . .        a - +0 long sword {Bozidara}
rCold   . . .        (no shield)
rNeg    . . .        q - +0 plate armour
rPois   .            c - +0 helmet
rElec   .            (no cloak)
rCorr   .            (no gloves)
SInv    .            o - +0 pair of boots
Will    .....        (no amulet) Stlth
                     L - ring of flight
HPRegen 0.30/turn    (no ring)
MPRegen 0.11/turn

%: no passive effects
@: immotile, flying, revved
A: off-hand wielding, slow wielding, warmup strikes, legs shutdown
a: Renounce Religion


You were on level 5 of the Dungeon.
You worshipped Wu Jian.
Wu Jian was aware of your devotion.
You visited 1 branch of the dungeon, and saw 5 of its levels.

You collected 247 gold pieces.


Innate Abilities, Weirdness & Mutations

You can wield a second weapon in your off-hand.
It takes a long time for you to wield or remove held weapons.
Your first few attacks do less damage.
Attacking and casting redirects power from your legs.


   Skills:
 + Level 5.5 Fighting
 + Level 5.9 Long Blades
 - Level 1.7 Throwing
 + Level 4.4 Armour
 - Level 2.6 Dodging


You had 7 spell levels left.
You didn't know any spells.
Your spell library contained the following spells:

 Spells                   Type           Power      Damage    Failure   Level
 Summon Small Mammal      Summ           0%         N/A       100%        1
 Scorch                   Fire           0%         2d5       100%        2
 Call Canine Familiar     Summ           0%         N/A       100%        3
 Inner Flame              Hex/Fire       0%         N/A       100%        3
 Animate Dead             Necr           0%         N/A       100%        4
 Flame Wave               Conj/Fire      0%         2d4       100%        4
 Sticky Flame             Fire/Alch      0%         2d4       100%        4
 Summon Cactus Giant      Summ           0%         N/A       100%        6
 Haunt                    Necr/Summ      0%         N/A       100%        7
 Summon Hydra             Summ           0%         N/A       100%        7
 Infestation              Necr           0%         N/A       100%        8

Inventory:

Hand Weapons
 a - a +0 long sword (weapon) {Bozidara}
Missiles
 d - 3 throwing nets (quivered) {=f}
 e - a javelin
Armour
 c - a +0 helmet (worn)
 o - a +0 pair of boots (worn)
 q - a +0 plate armour (worn)
Jewellery
 L - a ring of flight (left grasper)
Wands
 r - a wand of charming (9)
Scrolls
 f - 2 scrolls of immolation {unknown}
 g - a scroll of fog {unknown}
 h - 3 scrolls of identify {unknown}
 i - 3 scrolls of teleportation {unknown}
 j - 2 scrolls of fear {unknown}
 m - 2 scrolls of poison {unknown}
 s - a scroll of enchant weapon {unknown}
Potions
 b - a potion of curing {unknown}
 k - a potion of heal wounds {@q2}
 l - 2 potions of cancellation
 n - a potion of ambrosia {unknown}
 p - 3 potions of berserk rage {unknown}

Dungeon Overview and Level Annotations

Branches:
Dungeon (5/15)
 Temple: D:4-7

Altars:
Wu Jian

... )# ###.#.# #.# ......
... ... #.#.. #.# #.. .#
.... #.# #.# #.# #.. #.#
#.# #.# #.#.|#####.# #.#
#.# #....g@)...# #.# #.#
###..#####.# #.# #.#
#..#####.###.#####.##
......................
...............#####.##
#..).....................
.................#.###.##
#..##.######..####.# #.##
#..# # #.##


You could see a gnoll.


Message History

The ice beast is moderately wounded.
The ice beast barely misses you.
You closely miss the ice beast.
The ice beast is moderately wounded.
The ice beast hits you but does no damage.
You slash the ice beast!
The ice beast is severely wounded.
The ice beast hits you but does no damage.
You slash the ice beast!
You kill the ice beast!
The Council accepts your kill.
You have reached level 8!
You feel agile.
You barely miss the gnoll. The gnoll hits you with a +0 flail!
* * * LOW HITPOINT WARNING * * *
You hit the gnoll.
The gnoll is moderately wounded.
The gnoll hits you but does no damage.
You hit the gnoll.
The gnoll is moderately wounded.
The gnoll completely misses you.
Unknown command.
You hit the gnoll.
The gnoll is heavily wounded.
The gnoll hits you with a +0 flail.
* * * LOW HITPOINT WARNING * * *
You hit the gnoll.
The gnoll is severely wounded.
The gnoll hits you with a +0 flail!
You die...

Skill      XL: |  1  2  3  4  5  6  7 |
---------------+----------------------+-----
Armour         | 1 2 3 4 |  4.4
Fighting       | 3 4 5 |  5.5
Long Blades    | 4 5 |  5.9
Throwing       | |  1.7
Dodging        | |  2.6

Action                     |  1- 3 |  4- 6 |  7- 9 || total
---------------------------+-------+-------+-------++-------
  Melee: Long sword        |   101 |   112 |    74 ||   287
Ability: Lunge             |     1 |     9 |     1 ||    11
    Use: Potion            |     2 |       |     1 ||     3
   Stab: Sleeping          |       |     2 |       ||     2
 Armour: Leather armour    |    59 |    30 |       ||    89
         Plate armour      |       |    32 |    64 ||    96
  Dodge: Dodged            |    82 |    40 |    24 ||   146

Levels and vault maps discovered:
D:1:      dpeg_arrival_leaves_temple_mockup, layout_basic,
          chequers_ecumenical_altar_grove
D:2:      layout_basic, basic_altar
D:3:      layout_basic, grunt_ministairs_7, minmay_misc_feat_square,
          uniq_sigmund
D:4:      layout_rooms, serial_co_window_serial, co_window_of_opportunity_a,
          co_window_paths_b, co_window_cross_1, co_window_of_opportunity_a,
          co_window_paths_b, co_window_paths_a, co_window_paths_a,
          co_window_of_opportunity_c, co_window_corner_b,
          co_window_of_opportunity_c, co_window_corner_ca,
          co_window_unsneaky_path_a, co_window_corner_cb, co_window_4corner_a,
          co_window_sun
D:5:      layout_basic, grunt_gozag_statues, st_stairs_3,
          hangedman_abyss_or_decor_stabs, minmay_statues_item,
          minmay_manual_moon

Notes
Turn   | Place    | Note
-------+----------+-------------------------------------------
     0 | D:1      | cforsyth the Coglin Gladiator began the quest for the Orb.
     0 | D:1      | Reached XP level 1. HP: 16/16 MP: 1/1
   115 | D:1      | Found a faded altar of an unknown god.
   321 | D:1      | Reached XP level 2. HP: 11/22 MP: 2/2
   724 | D:1      | Reached skill level 1 in Armour
  1000 | D:2      | Reached XP level 3. HP: 28/28 MP: 3/3
  1083 | D:2      | Found an ornate altar of the Wu Jian Council.
  1731 | D:3      | Noticed Sigmund
  1761 | D:2      | Became a worshipper of the Wu Jian Council
  1858 | D:3      | HP: 1/28 [Sigmund/+0 scythe (10)]
  1870 | D:3      | Killed Sigmund
  1871 | D:3      | Reached skill level 3 in Fighting
  1871 | D:3      | Reached skill level 4 in Long Blades
  1871 | D:3      | Reached skill level 2 in Armour
  1871 | D:3      | Reached XP level 4. HP: 20/37 MP: 4/4
  1871 | D:3      | Reached XP level 5. HP: 23/42 MP: 5/5
  2254 | D:3      | Got Sif Muna's Vademecum on Leadership
  2266 | D:3      | Noticed a phantom
  2275 | D:3      | Killed a phantom
  2276 | D:3      | Reached skill level 4 in Fighting
  2276 | D:3      | Reached XP level 6. HP: 29/48 MP: 6/6
  2441 | D:3      | Reached skill level 3 in Armour
  3666 | D:4      | Reached * piety under Wu Jian
  4014 | D:5      | Entered Level 5 of the Dungeon
  4025 | D:5      | Reached skill level 5 in Long Blades
  4025 | D:5      | Reached XP level 7. HP: 53/55 MP: 7/7
  4336 | D:5      | Reached skill level 5 in Fighting
  4402 | D:5      | Reached skill level 4 in Armour
  4487 | D:5      | Reached XP level 8. HP: 15/63 MP: 8/8
  4487 | D:5      | HP: 6/63 [gnoll/+0 flail (9)]
  4490 | D:5      | HP: 2/63 [gnoll/+0 flail (5)]
  4491 | D:5      | Mangled by a gnoll

Vanquished Creatures
  Sigmund (D:3)
  An ice beast (D:5)
  2 ogres (D:5)
  2 phantoms
  A bombardier beetle (D:3)
  2 jellies
  2 iguanas (D:5)
  7 gnolls (D:5)
  3 adders (D:3)
  6 dart slugs
  A ribbon worm (D:4)
  6 orcs
  3 bats
  7 endoplasms
  4 giant cockroaches
  4 goblins
  6 hobgoblins
  A quokka (D:1)
  6 ball pythons
  9 frilled lizards
  3 kobolds
  3 rats
80 creatures vanquished.

Table legend: (Time is in decaauts)
 A = Elapsed time spent in this place.
 B = Non-inter-level travel time spent in this place.
 C = Inter-level travel time spent in this place.
 D = Time resting spent in this place.
 E = Time spent auto-exploring this place.
 F = Levels seen in this place.
 G = Mean time per level.
                   A        B        C        D        E       F      G
               +--------+--------+--------+--------+--------+-----+--------+
         Total |   4544 |   4410 |    134 |    130 |   3489 |   5 |  908.8 |
       Dungeon |   4544 |   4410 |    134 |    130 |   3489 |   5 |  908.8 |
               +--------+--------+--------+--------+--------+-----+--------+

Top non-repeatable levels by time:
     D:3: 1198 daAuts
     D:4: 1020 daAuts
     D:1: 979 daAuts
     D:2: 858 daAuts
     D:5: 487 daAuts

Table legend:
 A = Non-vault XP
 B = Vault XP
 C = Vault XP percentage of total XP
 D = Non-vault monster count
 E = Vault monster count
 F = Vault count percentage of total count
                 A         B        C        D         E       F
            +---------+---------+-------+---------+---------+-------
      Total |    1017 |     254 |  20.0 |      76 |       4 |   5.0
            +---------+---------+-------+---------+---------+-------
        D:1 |      32 |       0 |   0.0 |      16 |       0 |   0.0
        D:2 |      22 |       0 |   0.0 |      14 |       0 |   0.0
        D:3 |     224 |     218 |  49.3 |      18 |       3 |  14.3
        D:4 |      73 |       0 |   0.0 |      14 |       0 |   0.0
        D:5 |     666 |      36 |   5.1 |      14 |       1 |   6.7
            +---------+---------+-------+---------+---------+-------
